 Dungeon Crawl Stone Soup version 0.31-a0-986-g5e6e4ef867 (webtiles) character file.

Game seed: 5671892216762613969

91474 gelatine the Cleaver (level 15, -11/123 HPs)
             Began as a Demonspawn Fighter on Nov 16, 2023.
             Was an Elder of Jiyva.
             Mangled by an alligator snapping turtle (42 damage)
             ... on level 2 of the Shoals.
             The game lasted 01:10:55 (23440 turns).

gelatine the Cleaver (Demonspawn Fighter)          Turns: 23440, Time: 01:10:57

Health: -11/123    AC: 29    Str: 25    XL:     15   Next: 55%
Magic:  27/27      EV: 22    Int:  9    God:    Jiyva [****..]
Gold:   721        SH: 12    Dex: 23    Spells: 24/30 levels left

rFire   + . .        a - +2 war axe (protect)
rCold   + . .        s - +5 buckler of the Hanged Man {Drain rPois rC+ Str+4 SInv}
rNeg    . . .        t - +6 ring mail of Tenacity {Harm rElec rF+ rCorr}
rPois   +            (helmet unavailable)
rElec   +            K - +1 cloak
rCorr   +            S - +0 pair of gloves of Joy {Dex+7}
SInv    +            N - +1 pair of boots
Will    +....        (no amulet)
Stlth   ++           X - +4 ring of slaying
HPRegen 1.68/turn    h - +5 ring of evasion
MPRegen 0.60/turn

%: harm (+30% outgoing, +20% incoming)
@: under a protective aura
A: antennae 3, rugged brown scales 3, powered by death 1, spiny 2, wild magic 2,
evolution 2
a: Renounce Religion, Oozemancy, Slimify


You were on level 2 of the Shoals.
You worshipped Jiyva.
Jiyva was greatly pleased with you.
You visited 6 branches of the dungeon, and saw 24 of its levels.

You collected 2123 gold pieces.
You spent 1402 gold pieces at shops.

Inventory:

Hand Weapons
 a - a +2 war axe of protection (weapon)
 b - a +0 hand axe of flaming
 p - the +3 Elemental Staff {ele, rElec rF+ rC+ AC+3}
   (You took it off a deep elf pyromancer on level 9 of the Dungeon)

   AC+3:      It affects your AC (+3).
   rF+:       It protects you from fire.
   rC+:       It protects you from cold.
   rElec:     It insulates you from electricity.
 w - a +2 war axe of freezing
 x - the +5 short sword of the Flying Soothsayer {freeze, rElec rN+}
   (You found it on level 1 of the Elven Halls)

   rElec:     It insulates you from electricity.
   rN+:       It protects you from negative energy.
 Z - a +0 broad axe of electrocution
Missiles
 r - 3 throwing nets
 z - 14 boomerangs
 F - 6 atropa-tipped darts
 R - 17 javelins
Armour
 o - a +1 chain mail of willpower
 s - the +5 buckler of the Hanged Man (worn) {Drain rPois rC+ Str+4 SInv}
   (You bought it in a shop on level 6 of the Dungeon)

   Str+4:     It affects your strength (+4).
   rC+:       It protects you from cold.
   rPois:     It protects you from poison SInv: It lets you see invisible.
   Drain:     It drains your maximum health when unequipped.
 t - the +6 ring mail of Tenacity (worn) {Harm rElec rF+ rCorr}
   (You found it on level 3 of the Dungeon)

   rF+:       It protects you from fire.
   rElec:     It insulates you from electricity.
   rCorr:     It protects you from acid and corrosion.
   Harm:      It increases damage dealt and taken.
 B - a +2 pair of gloves
 E - a +3 chain mail
 K - a +1 cloak (worn)
 N - a +1 pair of boots (worn)
 S - the +0 pair of gloves of Joy (worn) {Dex+7}
   (You bought it in a shop on level 10 of the Dungeon)

   Dex+7:     It affects your dexterity (+7).
Jewellery
 c - a ring of magical power
 h - a +5 ring of evasion (right hand)
 u - a +6 ring of intelligence
 y - a ring of protection from fire
 V - a ring of flight
 X - a +4 ring of slaying (left hand)
Wands
 i - a wand of light (5)
 A - a wand of mindburst (14)
 D - a wand of iceblast (19)
 J - a wand of digging (3)
 U - a wand of charming (14)
Scrolls
 g - 5 scrolls of immolation
 j - 3 scrolls of torment
 k - 4 scrolls of revelation
 l - 5 scrolls of fear
 m - 4 scrolls of teleportation
 n - 3 scrolls of fog
 G - 3 scrolls of vulnerability
 L - 2 scrolls of blinking
 P - 2 scrolls of poison
 T - 2 scrolls of identify
Potions
 d - 4 potions of might
 e - 3 potions of haste
 f - 3 potions of attraction
 q - 6 potions of curing
 v - a potion of resistance
 C - 2 potions of brilliance
 H - a potion of mutation
 O - 4 potions of enlightenment
 Q - 2 potions of heal wounds
 W - a potion of invisibility
 Y - 3 potions of lignification


   Skills:
 * Level 10.2 Fighting
 * Level 14.0 Axes
 + Level 0.6 Staves
 + Level 2.2 Throwing
 * Level 9.1 Armour
 * Level 8.6 Dodging
 + Level 2.3 Stealth
 * Level 9.3 Shields
 * Level 8.3 Spellcasting
 + Level 6.1 Air Magic
 * Level 8.8 Poison Magic
 + Level 3.5 Evocations


You had 24 spell levels left.
You knew the following spells:

 Your Spells              Type           Power      Damage    Failure   Level
a - Poisonous Vapours     Pois/Air       54%        N/A       6%          2
b - Olgreb's Toxic Radia  Pois           31%        N/A       17%         4

Your spell library contained the following spells:

 Spells                   Type           Power      Damage    Failure   Level
 Sting                    Tmut/Pois      72%        1d6       12%         1
 Mephitic Cloud           Conj/Pois/Air  20%        N/A       22%         3
 Freeze                   Ice            20%        1d4       45%         1
 Summon Small Mammal      Summ           20%        N/A       45%         1
 Blink                    Tloc           10%        N/A       58%         2
 Call Canine Familiar     Summ           5%         N/A       80%         3
 Frozen Ramparts          Ice            10%        1d2       80%         3
 Gell's Gravitas          Tloc           5%         N/A       80%         3
 Hailstorm                Conj/Ice       5%         3d4       80%         3
 Summon Guardian Golem    Hex/Summ       5%         N/A       80%         3
 Teleport Other           Tloc           5%         N/A       80%         3
 Animate Dead             Necr           5%         N/A       99%         4
 Brom's Barrelling Bould  Conj/Erth      5%         2d3       99%         4
 Manifold Assault         Tloc           5%         N/A       99%         4
 Petrify                  Tmut/Erth      5%         N/A       99%         4
 Freezing Cloud           Conj/Ice/Air   5%         6-21      99%         5
 Fireball                 Conj/Fire      2%         3d4       100%        5
 Iskenderun's Battlesphe  Conj           5%         2d6       100%        5
 Metabolic Englaciation   Hex/Ice        2%         N/A       100%        5
 Conjure Ball Lightning   Conj/Air       7%         3x3d6     100%        6
 Dispersal                Tloc           2%         N/A       100%        6
 Haunt                    Necr/Summ      2%         N/A       100%        7
 Orb of Destruction       Conj           2%         9d5       100%        7
 Infestation              Necr           2%         N/A       100%        8


Dungeon Overview and Level Annotations

Branches:
Dungeon (13/15)            Temple (1/1) D:4            Lair (5/5) D:10
 Shoals (2/4) Lair:3        Snake (0/4) Lair:3        Slime (0/5) Lair:5
    Orc (2/2) D:12            Elf (1/3) Orc:2
 Vaults: D:13-14

Altars:
Ashenzari
Cheibriados
Dithmenos
Fedhas
Gozag
Hepliaklqana
Kikubaaqudgha
Makhleb
Nemelex Xobeh
Okawaru
Qazlal
Ru
Sif Muna
Trog
Uskayaw
Vehumet
Wu Jian
Xom
Yredelemnul
Jiyva

Shops:
D:6 **   D:10 *   D:12 :   Orc:1 (   Orc:2 *(:[   Elf:1 [

Annotations:
Shoals:1 3 runed translucent doors, Taczaky's ghost, journeyman MiFi
Orc:1 3 runed translucent doors, Pedyestre's ghost, journeyman DsIE


Innate Abilities, Weirdness & Mutations

You have a pair of large antennae on your head. (SInv)
You are completely covered in rugged brown scales. (AC +3, +7% HP)
You regenerate a little health from kills.
You are mostly covered in sharp spines.
Your spells are harder to cast, but more powerful.
You have great hidden genetic potential.


Message History

The merfolk hits you but does no damage.
The alligator snapping turtle bites you from afar!!
The merfolk siren chants its luring song.
You cannot move away from the merfolk siren!
Unknown command.
The merfolk attacks as it pursues you!
The merfolk hits you but does no damage.
The merfolk siren chants its luring song.
You hit the merfolk siren.
The merfolk siren is lightly wounded.
You block the merfolk's attack.
You slash the merfolk siren!
The merfolk siren is heavily wounded.
The merfolk siren chants its luring song.
The alligator snapping turtle closely misses you.
You block the merfolk's attack.
You hit the merfolk siren.
The merfolk siren is heavily wounded.
The merfolk siren chants its luring song.
You block the alligator snapping turtle's attack.
The merfolk completely misses you.
You slash the merfolk siren!
The merfolk siren is almost dead.
The merfolk siren chants its luring song.
You hit the merfolk siren.
You break out of your daze!
You kill the merfolk siren!
The merfolk hits you from afar with a +0 trident!
The alligator snapping turtle bites you from afar.
The merfolk attacks as it pursues you!
The merfolk hits you but does no damage.
You see here a +0 trident.
You block the merfolk's attack.
You slice the alligator snapping turtle!!
The alligator snapping turtle is heavily wounded.
You slash the merfolk! The merfolk is struck by your spines.
The merfolk hits you with a +0 trident!
* * * LOW HITPOINT WARNING * * *
The alligator snapping turtle bites you!!
You die...

~ ####...~~≈≈~~~~~
#...}.~~≈≈≈≈≈≈≈≈
#....~~≈≈≈≈≈≈≈≈≈
##....~~≈≈≈≈≈≈≈≈≈
#####......~≈≈≈≈≈≈≈≈~
#..#....~..~≈≈≈≈≈
#......~~.~≈≈≈≈≈
.#####..)t..~~~~≈≈≈≈≈
.....%..@m.~~~~≈≈≈≈~~
.......)..~~~≈≈≈≈≈~~~
..........~≈≈≈≈≈≈~.
~.........~≈≈≈≈≈≈~.
~........!.≈≈≈≈≈≈~~
~~~.....~~~~≈≈≈≈≈~
~~~~...~~~~≈≈≈≈≈≈
~~~~~~~~~≈≈≈≈≈≈≈
~~~~~~~≈≈≈≈≈≈≈≈


You could see an alligator snapping turtle and a merfolk.

Vanquished Creatures
  An orc warlord (Orc:2)
  A deep elf death mage (Elf:1)
  Snorg (D:11)
  A merfolk impaler (Shoals:1)
  Josephine (D:10)
  Fannar (D:11)
  2 vault guards (D:13)
  6 hydras
  4 dancing weapons (Elf:1)
  A centaur warrior (Shoals:1)
  A boulder beetle (D:12)
  2 two-headed ogres (D:12)
  4 orc high priests (Orc:2)
  6 deep elf knights (Elf:1)
  6 skysharks
  A sea snake (Shoals:1)
  Lodul (D:11)
  7 deep elf archers (Elf:1)
  3 harpies (Shoals:1)
  5 deep elf pyromancers
  3 orc knights (Orc:2)
  15 deep elf zephyrmancers (Elf:1)
  3 manticores
  2 ugly things
  3 orc sorcerers (Orc:2)
  A salamander (Lair:3)
  27 elephants
  4 merfolk sirens
  2 gargoyles
  4 black mambas (Lair:5)
  A torpor snail (Lair:5)
  An unseen horror (D:11)
  5 rime drakes
  9 cane toads
  6 komodo dragons
  4 trolls
  2 merfolk (Shoals:1)
  5 polar bears
  4 hornets (Lair:5)
  4 wind drakes
  5 blink frogs
  7 dream sheep (Lair:5)
  3 snapping turtles (Shoals:1)
  12 spriggans (Lair:5)
  3 water elementals
  30 yaks
  7 wyverns
  10 wraiths
  3 basilisks
  5 fire elementals
  4 steam dragons
  4 vampire mosquitoes
  3 wargs (Orc:2)
  3 nagas (Lair:3)
  21 water moccasins
  2 acid dragons
  26 orc warriors
  10 black bears
  3 ice beasts
  4 centaurs
  14 ogres
  4 boggarts (Lair:5)
  32 wolves
  7 bullfrogs
  A gnoll sergeant (D:5)
  An earth elemental (Elf:1)
  2 scorpions (D:4)
  5 wights (D:9)
  16 killer bees
  4 electric eels (D:10)
  3 howler monkeys
  A crimson imp (D:6)
  5 hounds
  21 orc priests
  2 jellies
  An iguana (D:5)
  Terence (D:3)
  17 orc wizards
  3 hell rats (Lair:5)
  Robin (D:3)
  7 gnolls
  11 adders
  A white imp (D:5)
  3 worms
  A dart slug (D:1)
  73 orcs
  12 ball pythons
  11 endoplasms
  2 giant cockroaches (D:1)
  8 goblins
  15 hobgoblins
  3 jackals (D:2)
  7 quokkas
  8 bats
  3 frilled lizards
  8 kobolds
  5 rats
644 creatures vanquished.

Vanquished Creatures (others)
  A centaur warrior (D:12)
  A deep elf knight (Elf:1)
  A deep elf zephyrmancer (Elf:1)
  Maurice (D:8)
  A dream sheep (Lair:5)
  18 jellies
  A hell rat (Lair:5)
  An orc wizard (Orc:1)
  An orc (Orc:1)
  A butterfly (D:10)
27 creatures vanquished.

Grand Total: 671 creatures vanquished

Notes
Turn   | Place    | Note
-------+----------+-------------------------------------------
     0 | D:1      | gelatine the Demonspawn Fighter began the quest for the
                  | Orb.
     0 | D:1      | Reached XP level 1. HP: 18/18 MP: 1/1
   131 | D:1      | Gained mutation: You are partially covered in rugged brown
                  | scales. (AC +1, +3% HP) [demonic ancestry]
   131 | D:1      | Reached XP level 2. HP: 9/24 MP: 2/2
   454 | D:1      | Reached skill level 2 in Axes
   643 | D:1      | Gained mutation: You have a pair of small antennae on your
                  | head. [demonic ancestry]
   643 | D:1      | Reached XP level 3. HP: 28/29 MP: 3/3
   708 | D:2      | Found a faded altar of an unknown god.
  1247 | D:2      | Found a stormy altar of Qazlal.
  2283 | D:3      | Identified the +6 ring mail of Tenacity {Harm rElec rF+
                  | rCorr}
  2470 | D:3      | Gained mutation: You are mostly covered in rugged brown
                  | scales. (AC +2, +5% HP) [demonic ancestry]
  2470 | D:3      | Reached XP level 4. HP: 29/36 MP: 4/4
  2643 | D:3      | Identified the +0 helmet of Grace {Str-5 Int+5 Dex+2}
  2643 | D:3      | Noticed Robin
  2659 | D:3      | Reached skill level 3 in Axes
  2662 | D:3      | Killed Robin
  2757 | D:3      | Noticed Terence
  2763 | D:3      | Killed Terence
  2764 | D:3      | Gained mutation: You regenerate a little health from kills.
                  | [demonic ancestry]
  2764 | D:3      | Reached XP level 5. HP: 43/43 MP: 5/5
  3267 | D:4      | Identified the +2 leather armour of Grace {Str+2}
  3355 | D:4      | Found a basalt altar of Yredelemnul.
  3355 | D:4      | Found a bloodstained altar of Trog.
  3365 | D:4      | Found a radiant altar of Vehumet.
  3408 | D:4      | Reached skill level 4 in Axes
  3441 | D:4      | Found a staircase to the Ecumenical Temple.
  3450 | Temple   | Entered the Ecumenical Temple
  3547 | D:4      | Gained mutation: You are partially covered in sharp spines.
                  | [demonic ancestry]
  3547 | D:4      | Reached XP level 6. HP: 49/50 MP: 6/6
  3552 | D:4      | Reached skill level 1 in Dodging
  3689 | D:4      | Found a blossoming altar of Fedhas.
  3753 | D:4      | Reached skill level 1 in Throwing
  3767 | D:4      | Found a hide-covered altar of Uskayaw.
  3767 | D:4      | Noticed a +0 short sword
  3767 | D:4      | Noticed a +0 falchion
  3767 | D:4      | Noticed a +0 dagger
  3767 | D:4      | Noticed a +0 dagger
  3769 | D:4      | Noticed a +0 falchion
  3770 | D:4      | Noticed a +0 spear
  3770 | D:4      | Noticed a +0 spear
  3771 | D:4      | Noticed a +0 short sword
  3897 | D:5      | Entered Level 5 of the Dungeon
  3901 | D:5      | Learned a level 2 spell: Poisonous Vapours
  3915 | D:5      | Found an iron altar of Okawaru.
  4240 | D:5      | Reached XP level 7. HP: 55/55 MP: 8/8
  4244 | D:5      | Reached skill level 1 in Spellcasting
  4250 | D:5      | Reached skill level 1 in Poison Magic
  4920 | D:6      | Reached skill level 5 in Axes
  4920 | D:6      | Reached skill level 1 in Air Magic
  5366 | D:6      | Found a shimmering altar of Xom.
  5367 | D:6      | Found a burning altar of Makhleb.
  5561 | D:6      | Found Pumuunit's Specific Store.
  5565 | D:6      | Found Vanyb's General Store.
  6261 | D:7      | Reached XP level 8. HP: 56/63 MP: 9/11
  6941 | D:8      | Reached skill level 1 in Stealth
  6963 | D:8      | Gained mutation: You have a pair of antennae on your head.
                  | [demonic ancestry]
  6963 | D:8      | Reached XP level 9. HP: 58/70 MP: 4/13
  7138 | D:8      | Noticed Maurice
  7146 | D:8      | Something stole a ring of ice
  7151 | D:8      | Killed Maurice
  7152 | D:8      | Reached skill level 5 in Fighting
  7152 | D:8      | Reached skill level 6 in Axes
  7235 | D:8      | Found a broken altar of Ashenzari.
  7267 | D:8      | Noticed a manticore
  7273 | D:8      | Killed a manticore
  7274 | D:8      | Reached skill level 1 in Evocations
  7516 | D:8      | Found a broken altar of Ashenzari.
  8109 | D:9      | Gained mutation: You have a pair of large antennae on your
                  | head. (SInv) [demonic ancestry]
  8109 | D:9      | Reached XP level 10. HP: 77/77 MP: 16/16
  8248 | D:9      | Found a sacrificial altar of Ru.
  8452 | D:9      | Reached skill level 7 in Axes
  8582 | D:9      | Noticed a deep elf pyromancer
  8596 | D:9      | Killed a deep elf pyromancer
  8597 | D:9      | Reached skill level 5 in Shields
  8831 | D:9      | Noticed a gargoyle
  8937 | D:9      | Killed a gargoyle
  8938 | D:9      | Reached skill level 5 in Armour
  9316 | D:10     | Entered Level 10 of the Dungeon
  9459 | D:10     | Reached skill level 8 in Axes
  9638 | D:10     | Reached skill level 5 in Poison Magic
  9647 | D:10     | Reached XP level 11. HP: 85/85 MP: 15/17
  9778 | D:10     | Found Ikheag's Assorted Antiques.
  9786 | D:10     | Bought a pair of spiked gloves for 323 gold pieces
  9786 | D:10     | Identified the +0 pair of gloves of Joy {Dex+7} (You bought
                  | it in a shop on level 10 of the Dungeon)
  9786 | D:10     | Bought a scroll labelled MIYBRYEHET for 34 gold pieces
  9786 | D:10     | Bought a dented fluorescent amulet for 170 gold pieces
  9786 | D:10     | Bought a scroll labelled HIQARI FYOCKA for 34 gold pieces
  9893 | D:10     | Found a sparkling altar of Nemelex Xobeh.
 10030 | D:10     | Found a staircase to the Lair.
 10038 | D:10     | Noticed Josephine
 10052 | D:10     | Killed Josephine
 10587 | D:11     | Noticed Lodul
 10604 | D:11     | Killed Lodul
 10605 | D:11     | Reached skill level 5 in Spellcasting
 10617 | D:11     | Reached skill level 5 in Dodging
 10737 | D:11     | Noticed Fannar
 10754 | D:11     | Killed Fannar
 10755 | D:11     | Reached skill level 9 in Axes
 10968 | D:11     | Noticed Snorg
 10989 | D:11     | Killed Snorg
 11532 | D:11     | You fall into a shaft and drop 1 floor!
 11920 | D:12     | Noticed a cyan ugly thing
 11926 | D:12     | Killed a cyan ugly thing
 11937 | D:12     | Noticed a two-headed ogre
 11949 | D:12     | Killed a two-headed ogre
 12285 | D:12     | Found a staircase to the Orcish Mines.
 12383 | D:12     | Noticed a two-headed ogre
 12393 | D:12     | Killed a two-headed ogre
 12394 | D:12     | Reached skill level 5 in Air Magic
 12394 | D:12     | Gained mutation: You are mostly covered in sharp spines.
                  | [demonic ancestry]
 12394 | D:12     | Reached XP level 12. HP: 95/95 MP: 8/20
 12566 | D:12     | Noticed a boulder beetle
 12580 | D:12     | Killed a boulder beetle
 12659 | D:12     | Noticed a centaur warrior
 12668 | D:12     | Killed a centaur warrior
 12805 | D:12     | Found Fuosoeta's Vocational Training.
 13146 | D:13     | Noticed a vault guard
 13150 | D:13     | Noticed a vault guard
 13154 | D:13     | Noticed a vault guard
 13154 | D:13     | Noticed a vault guard
 13154 | D:13     | Noticed a vault guard
 13161 | D:13     | Killed a vault guard
 13170 | D:13     | Killed a vault guard
 13465 | Lair:1   | Entered Level 1 of the Lair of Beasts
 13473 | Lair:1   | Found an opulent altar of Gozag.
 13922 | Lair:1   | Reached skill level 10 in Axes
 14041 | Lair:1   | You fall into a shaft and drop 1 floor!
 14969 | Lair:2   | Reached XP level 13. HP: 101/102 MP: 22/22
 15114 | D:6      | Bought the +5 buckler of the Hanged Man {Drain rPois rC+
                  | Str+4 SInv} for 601 gold pieces
 15555 | Lair:2   | Reached skill level 11 in Axes
 15921 | Lair:3   | Found a staircase to the Shoals.
 16713 | Lair:3   | Found a staircase to the Snake Pit.
 16958 | Lair:4   | Identified the +5 sling of Seywaty {drain, Str+3}
 17127 | Lair:4   | Reached skill level 12 in Axes
 18094 | Lair:5   | Entered Level 5 of the Lair of Beasts
 18174 | Lair:5   | Gained mutation: You are completely covered in rugged brown
                  | scales. (AC +3, +7% HP) [demonic ancestry]
 18174 | Lair:5   | Reached XP level 14. HP: 106/115 MP: 23/23
 18270 | Lair:5   | Learned a level 4 spell: Olgreb's Toxic Radiance
 18286 | Lair:5   | Found a staircase to the Slime Pits.
 18286 | Lair:5   | Found a viscous altar of Jiyva.
 18298 | Lair:5   | Became a worshipper of Jiyva Jareurop the Shapeless
 19887 | Orc:1    | Entered Level 1 of the Orcish Mines
 19912 | Orc:1    | Reached * piety under Jiyva
 19956 | Orc:1    | Found Veohol's Antique Weapon Emporium.
 20182 | Orc:2    | Entered Level 2 of the Orcish Mines
 20221 | Orc:2    | Found a staircase to the Elven Halls.
 20230 | Orc:2    | Found Seiraog's General Store.
 20343 | Orc:2    | Paralysed by an orc sorcerer for 3 turns
 20352 | Orc:2    | Reached skill level 13 in Axes
 20483 | Orc:2    | Found Jazoisis's Antique Weapon Boutique.
 20520 | Orc:2    | Noticed an orc warlord
 20557 | Orc:2    | Killed an orc warlord
 20619 | Orc:2    | Found Jiuth's Book Boutique.
 20627 | Orc:2    | Bought an Inescapable Atlas for 240 gold pieces
 20730 | Orc:2    | Found Kaf Sunke's Antique Armour Shoppe.
 20851 | Orc:1    | Reached ** piety under Jiyva
 20883 | Orc:1    | Found a runed translucent gate.
 20907 | Orc:1    | Found a runed translucent gate.
 20907 | Orc:1    | Found a runed translucent gate.
 20908 | Orc:1    | Noticed Pedyestre's ghost (journeyman DsIE)
 21121 | Shoals:4 | Identified the "Nilete"
 21121 | Vaults:5 | Identified the "Waosepn"
 21121 | Vaults:5 | Identified the "Pior"
 21121 | Depths:2 | Identified the "Coit"
 21121 | Depths:2 | Identified the "Hokuor"
 21121 | Elf:1    | Entered Level 1 of the Elven Halls
 21133 | Elf:1    | Found Agipuff's Armour Shop.
 21275 | Elf:1    | Reached skill level 10 in Fighting
 21275 | Elf:1    | Reached XP level 15. HP: 121/123 MP: 26/26
 21562 | Elf:1    | Identified the +5 short sword of the Flying Soothsayer
                  | {freeze, rElec rN+}
 21702 | Elf:1    | Reached *** piety under Jiyva
 22437 | Shoals:1 | Entered Level 1 of the Shoals
 22461 | Shoals:1 | Gained mutation: You have hidden genetic potential.
                  | [Jiyva's grace]
 22461 | Shoals:1 | Gained mutation: You have great hidden genetic potential.
                  | [Jiyva's grace]
 22461 | Shoals:1 | Gained mutation: Your spells are a little harder to cast,
                  | but a little more powerful. [Jiyva's grace]
 22461 | Shoals:1 | Gained mutation: Your spells are harder to cast, but more
                  | powerful. [Jiyva's grace]
 22856 | Shoals:1 | Reached **** piety under Jiyva
 22869 | Shoals:1 | Reached skill level 14 in Axes
 23038 | Shoals:1 | Found a runed translucent gate.
 23038 | Shoals:1 | Found a runed translucent gate.
 23038 | Shoals:1 | Found a runed translucent gate.
 23041 | Shoals:1 | Noticed Taczaky's ghost (journeyman MiFi)
 23440 | Shoals:2 | Mangled by an alligator snapping turtle

Illustrated notes

Levels and vault maps discovered:
D:1:      tarquinn_simple_flora_water_a, layout_basic, minmay_distorted
D:2:      layout_basic, basic_altar, nicolae_ecumenical_pavilion, serial_forest,
          infiniplex_forest_corner_1, infiniplex_forest_diagonal,
          infiniplex_forest_join, infiniplex_forest_pool,
          infiniplex_forest_straight_3, infiniplex_forest_lined_room_2,
          infiniplex_forest_lined_room_2, infiniplex_forest_straight_4,
          infiniplex_forest_clump_cross
D:3:      minmay_diamond_boxcup, layout_basic, nicolae_underground_beach,
          uniq_terence, uniq_robin
D:4:      layout_rooms, mainiacjoe_overflow_concentric_impassable,
          nicolae_uskayaw_en_pointe, mainiacjoe_overflow_divided_tiny,
          mainiacjoe_overflow_boulevard, lemuel_temple_firewalk_b
D:5:      layout_basic, mainiacjoe_overflow_tiny_flanked,
          kennysheep_generic_room_4
D:6:      layout_basic, grunt_temple_overflow_champion_of_chaos,
          solitary_fountain, nicolae_specific_store
D:7:      layout_loops_ring
D:8:      layout_rooms, nicolae_ashenzari_skybound, kennysheep_diamond,
          minmay_between, uniq_maurice
D:9:      layout_basic, nicolae_ru_great_annihilating_truth,
          dilly_guarded_unrand_elemental_staff
D:10:     layout_roguey, mainiacjoe_overflow_alcove_4,
          nicolae_elyvilon_peaceful_grove, minmay_lair_entry_grove,
          serial_shops, shop, serial_bayou, serial_bayou_pond_d,
          serial_bayou_pond_d, serial_bayou_lagoon_b, serial_bayou_shore_b,
          serial_bayou_crossing, uniq_josephine
D:11:     layout_loops_ring, minmay_orc_keep, uniq_lodul, uniq_snorg,
          uniq_fannar
D:12:     layout_long_grid, david_orc_5, nicolae_shop_vocational
D:13:     layout_irregular_city, erik_vaults_2, kennysheep_nondescript
Temple:   dpeg_chambers_temple
Lair:1:   layout_layer_cave, basic_altar
Lair:2:   layout_concentric_octagons
Lair:3:   layout_roguey, minmay_shoals_entry_lonely_mermaid,
          alex1729_snake_entry_snake, serial_bayou_pond_c
Lair:4:   layout_layer_cave, lemuel_fruit_tree
Lair:5:   minmay_lair_end_enchanted_forest, layout_loops_ring, slime_entry_1
Shoals:1: layout_shoals, gammafunk_ghost_tricky_traps, argonaut_gorgonesque
Shoals:2: layout_shoals
Orc:1:    layout_caves, gammafunk_ghost_necromancy, serial_shops, shop
Orc:2:    grunt_orc_gardens, layout_diamond_mine, grunt_orc_garden,
          grunt_orc_garden, grunt_orc_garden, grunt_orc_garden, basic_altar
Elf:1:    layout_geoelf_diagonals, serial_shops, shop_statue, minivault_28,
          grunt_ministairs_1, grunt_megastairs_4

Skill      XL: |  1  2  3  4  5  6  7  8  9 10 11 12 13 14 15 |
---------------+----------------------------------------------+-----
Shields        | 3 4 5 6 8 9 |  9.3
Axes           | 2 3 4 5 6 8 9 10 12 13 14 | 14.0
Armour         | 3 4 5 6 7 8 9 |  9.1
Dodging        | 1 2 3 4 5 6 7 8 |  8.6
Throwing       | 1 2 |  2.2
Spellcasting   | 2 3 4 5 6 7 8 |  8.3
Poison Magic   | 2 3 4 5 6 8 |  8.8
Fighting       | 4 5 6 7 9 10 | 10.2
Air Magic      | 1 2 3 4 5 6 |  6.1
Stealth        | 1 2 |  2.3
Evocations     | 2 3 |  3.5
Staves         | |  0.6

Action                     |  1- 3 |  4- 6 |  7- 9 | 10-12 | 13-15 || total
---------------------------+-------+-------+-------+-------+-------++-------
  Melee: War axe           |   259 |   149 |   195 |   559 |   797 ||  1959
         Staff             |       |       |       |    36 |       ||    36
         Hand axe          |       |       |       |       |    49 ||    49
  Throw: Stone             |     7 |       |       |       |       ||     7
         Dart              |     7 |    21 |    10 |       |       ||    38
         Boomerang         |       |       |     9 |     2 |       ||    11
   Cast: Poisonous Vapours |       |       |    25 |    76 |       ||   101
         Olgreb's Toxic Ra |       |       |       |       |    64 ||    64
  Evoke: Wand              |       |       |     1 |       |       ||     1
    Use: Scroll            |       |       |    15 |    13 |     6 ||    34
         Potion            |       |       |       |     1 |     1 ||     2
   Stab: Paralysed         |       |       |       |     1 |       ||     1
         Sleeping          |       |       |       |     2 |     3 ||     5
 Armour: Scale mail        |    38 |       |       |       |       ||    38
         Ring mail         |    69 |   104 |   115 |   361 |   418 ||  1067
         Skin              |     3 |       |       |       |       ||     3
  Dodge: Dodged            |    61 |    75 |   140 |   499 |   644 ||  1419
  Block: Buckler           |    24 |    41 |    53 |   203 |   587 ||   908

Table legend: (Time is in decaauts)
 A = Elapsed time spent in this place.
 B = Non-inter-level travel time spent in this place.
 C = Inter-level travel time spent in this place.
 D = Time resting spent in this place.
 E = Time spent auto-exploring this place.
 F = Levels seen in this place.
 G = Mean time per level.
                   A        B        C        D        E       F      G
               +--------+--------+--------+--------+--------+-----+--------+
         Total |  23798 |  22300 |   1498 |     36 |  16697 |  24 |  991.6 |
       Dungeon |  14060 |  13262 |    798 |     36 |  10044 |  13 | 1081.5 |
        Temple |     45 |     45 |      0 |      0 |      0 |   1 |   45.0 |
          Lair |   6273 |   5832 |    441 |      0 |   4607 |   5 | 1254.6 |
        Shoals |   1061 |    955 |    106 |      0 |    638 |   2 |  530.5 |
  Orcish Mines |   1233 |   1130 |    103 |      0 |    701 |   2 |  616.5 |
   Elven Halls |   1123 |   1074 |     49 |      0 |    706 |   1 | 1123.0 |
               +--------+--------+--------+--------+--------+-----+--------+

Top non-repeatable levels by time:
    D:12: 1621 daAuts
  Lair:5: 1602 daAuts
     D:2: 1562 daAuts
    D:11: 1511 daAuts
     D:9: 1372 daAuts
     D:8: 1270 daAuts
  Lair:4: 1248 daAuts
    D:10: 1243 daAuts
     D:6: 1217 daAuts
  Lair:1: 1207 daAuts
  Lair:3: 1166 daAuts
   Elf:1: 1123 daAuts
     D:3: 1092 daAuts
  Lair:2: 1048 daAuts
     D:5: 962 daAuts
